 Dungeon Crawl Stone Soup version 0.27.0-1-g7a089689b8 (webtiles) character file.

Game seed: 8540988578430912340

490 hasubaka the Chopper (level 6, -6/56 HPs)
             Began as a Minotaur Berserker on Aug 10, 2021.
             Was a Priest of Trog.
             Mangled by a gnoll shaman (11 damage)
             ... on level 5 of the Dungeon.
             The game lasted 00:28:44 (3442 turns).

hasubaka the Chopper (Minotaur Berserker)           Turns: 3442, Time: 00:28:46

Health: -6/56      AC:  7    Str: 23    XL:     6   Next: 90%
Magic:  5/5        EV: 11    Int:  4    God:    Trog [***...]
Gold:   143        SH:  0    Dex: 10    Spells: 5/5 levels left

rFire    . . .     SeeInvis .   a - +0 hand axe (flame)
rCold    . . .     Faith    .   (no shield)
rNeg     . . .     Spirit   .   A - +2 ring mail {Will+}
rPois    .         Reflect  .   (helmet restricted)
rElec    .         Harm     .   (no cloak)
rCorr    .         Rampage  .   (no gloves)
Will     ++...                  (no boots)
Stlth    +.........             (no amulet)
HPRegen  0.18/turn              r - ring of willpower
MPRegen  0.09/turn              L - ring of wizardry

@: on berserk cooldown, slowed, very slow
A: horns 2, retaliatory headbutt
a: Renounce Religion, Berserk, Trog's Hand


You were on level 5 of the Dungeon.
You worshipped Trog.
Trog was most pleased with you.
You visited 1 branch of the dungeon, and saw 5 of its levels.

You collected 143 gold pieces.

Inventory:

Hand Weapons
 a - a +0 hand axe of flaming (weapon)
 y - a +3 spear
 D - a +0 shortbow
 E - a +3 whip
 I - a +0 flail
Missiles
 d - 18 poisoned darts (quivered)
 f - 33 stones
 h - 66 sling bullets
 v - a throwing net
 B - 103 arrows
 M - 4 silver javelins
Armour
 b - a +0 animal skin
 c - a +0 robe of fire resistance
 z - a +0 scale mail
 A - a +2 ring mail of willpower (worn)
 J - a +0 chain mail
Jewellery
 r - a ring of willpower (left hand)
 L - a ring of wizardry (right hand)
Scrolls
 g - a scroll of teleportation {unknown}
 C - 3 scrolls of magic mapping
 K - a scroll of enchant armour
Potions
 e - a potion of curing {unknown}
 k - 2 potions of magic
 l - 2 potions of degeneration
 q - a potion of flight
 s - a potion of lignification {unknown}
 F - 2 potions of resistance {unknown}


   Skills:
 + Level 5.4 Fighting
 + Level 6.5(6.6) Axes
 + Level 1.5(4.3) Maces & Flails
 + Level 2.0 Throwing
 + Level 3.9 Armour
 + Level 2.9 Dodging
 + Level 1.0 Stealth


You had 5 spell levels left.
You didn't know any spells.
Your spell library contained the following spells:

 Spells                   Type           Power      Damage    Failure   Level
 Magic Dart               Conj           0%         1d3       32%         1
 Blink                    Tloc           N/A        N/A       45%         2
 Searing Ray              Conj           0%         3d3       45%         2
 Lesser Beckoning         Tloc           0%         N/A       67%         3
 Fulminant Prism          Conj/Hex       0%         3d6       96%         4
 Manifold Assault         Tloc           0%         N/A       100%        5


Dungeon Overview and Level Annotations

Branches:
Dungeon (5/15)
 Temple: D:4-7

Altars:
Ashenzari
Trog
The Shining One

Shops:
D:1 ?   D:3 (*(


Innate Abilities, Weirdness & Mutations

You have a pair of horns on your head.
You reflexively headbutt those who attack you in melee.


Message History

You feel yourself moving faster!
You feel mighty! The gnoll closely misses you. The gnoll barely misses you.
The gnoll hits you with a +0 spear.
* * * LOW HITPOINT WARNING * * *
You closely miss the gnoll.
The gnoll is moderately wounded.
The gnoll hits you with a +0 spear.
* * * LOW HITPOINT WARNING * * *
The gnoll misses you.
You closely miss the gnoll. Your headbutt misses the gnoll.
The gnoll is moderately wounded.
The gnoll closely misses you.
The gnoll shaman calls upon its god to speed up the gnoll.
The gnoll seems to speed up.
The gnoll hits you from afar with a +0 halberd!
* * * LOW HITPOINT WARNING * * *
You are too berserk!
Unknown command.
You hit the gnoll but do no damage.
The gnoll is moderately wounded.
The gnoll hits you with a +0 spear.
* * * LOW HITPOINT WARNING * * *
You barely miss the gnoll. You headbutt the gnoll!
The gnoll is almost dead.
The gnoll hits you with a +0 spear.
* * * LOW HITPOINT WARNING * * *
You hit the gnoll. You burn the gnoll.
You kill the gnoll!
Trog accepts your kill.
You feel a strong urge to attack something.
You are no longer berserk.
You are exhausted.
You feel yourself slow down.
You feel much better. The gnoll barely misses you.
The gnoll hits you from afar with a +0 halberd!
The gnoll shaman hits you with a +0 club.
* * * LOW HITPOINT WARNING * * *
The gnoll hits you from afar with a +0 halberd!
* * * LOW HITPOINT WARNING * * *
The gnoll shaman hits you with a +0 club!
You die...

... .. ##.. #..
#.. #.# ### #.#
... #.#####.#
#@g.))..#
.........g#)###
#...####.###.#
#. #.## #.. ##
.... ####


You could see a gnoll shaman and a gnoll (fast).

Vanquished Creatures
  A scorpion (D:4)
  A water moccasin zombie (D:3)
  A water moccasin skeleton (D:4)
  A hound (D:4)
  A jelly (D:4)
  3 orc priests (D:4)
  An iguana (D:4)
  A hound skeleton (D:4)
  4 gnolls (D:5)
  2 adders (D:3)
  An ufetubus (D:5)
  An adder skeleton (D:4)
  A dart slug (D:3)
  10 orcs
  5 bats
  2 endoplasms
  2 giant cockroaches
  9 goblins
  6 hobgoblins
  5 jackals
  A quokka (D:1)
  4 ball pythons
  2 frilled lizards
  3 kobolds
  8 rats
76 creatures vanquished.

Notes
Turn   | Place    | Note
-------+----------+-------------------------------------------
     0 | D:1      | hasubaka the Minotaur Berserker began the quest for the
                  | Orb.
     0 | D:1      | Reached XP level 1. HP: 19/19 MP: 0/0
   175 | D:1      | Found Sixiotru's Magic Scroll Emporium.
   199 | D:1      | Reached skill level 4 in Axes
   220 | D:1      | Reached XP level 2. HP: 19/27 MP: 1/1
  1176 | D:2      | Found a faded altar of an unknown god.
  1180 | D:2      | Reached ** piety under Trog
  1181 | D:2      | Reached XP level 3. HP: 33/33 MP: 2/2
  1543 | D:3      | Found Ahoirgh's Antique Weapon Boutique.
  1578 | D:3      | Found Dodig's Assorted Antiques.
  1743 | D:3      | Found Riryer's Antique Weapon Shoppe.
  1772 | D:3      | Reached skill level 1 in Throwing
  1772 | D:3      | Reached XP level 4. HP: 37/41 MP: 3/3
  2004 | D:3      | Reached skill level 5 in Axes
  2452 | D:4      | Reached XP level 5. HP: 47/47 MP: 4/4
  2527 | D:4      | Reached skill level 5 in Fighting
  2527 | D:4      | Reached skill level 6 in Axes
  2527 | D:4      | Reached XP level 6. HP: 40/56 MP: 5/5
  2652 | D:4      | Found a broken altar of Ashenzari.
  2655 | D:4      | Found a bloodstained altar of Trog.
  2724 | D:4      | Reached *** piety under Trog
  2838 | D:4      | Reached skill level 1 in Maces & Flails
  2838 | D:4      | Reached skill level 1 in Stealth
  3194 | D:4      | Found a glowing golden altar of the Shining One.
  3396 | D:5      | Entered Level 5 of the Dungeon
  3436 | D:5      | HP: 2/84 [gnoll (6)]
  3442 | D:5      | Mangled by a gnoll shaman

Illustrated notes

Levels and vault maps discovered:
D:1:      psy_arrival_heroes, layout_basic, serial_shops, shop,
          minmay_misc_feat_five
D:2:      layout_rooms, chequers_ecumenical_altar_simple, minmay_liquid_box
D:3:      layout_basic, serial_shops, nicolae_shop_trees, shop,
          nicolae_shop_crystal
D:4:      layout_gridville, nicolae_overflow_hidden_temple
D:5:      layout_loops_cross, minmay_temple_entry_sparse_star

Skill      XL: |  1  2  3  4  5  6 |
---------------+-------------------+-----
Axes           | 4 5 6 |  6.5
Fighting       | 4 5 |  5.4
Throwing       | 1 2 |  2.0
Armour         | 3 |  3.9
Maces & Flails | 1 |  1.5
Stealth        | 1 |  1.0
Dodging        | |  2.9

Action                   |  1- 3 |  4- 6 || total
-------------------------+-------+-------++-------
Melee: Hand axe          |    65 |    48 ||   113
       Headbutt          |     6 |    15 ||    21
       Whip              |       |    40 ||    40
Throw: Dart              |    18 |     3 ||    21
Invok: Berserk           |     2 |     2 ||     4
       Trog's Hand       |       |     1 ||     1
  Use: Scroll            |     5 |     6 ||    11
       Potion            |       |     3 ||     3
Armor: Robe              |    12 |       ||    12
       Ring mail         |     7 |    36 ||    43
Dodge: Dodged            |    42 |    59 ||   101
